 Dungeon Sprint DCSS version 0.13-a0-2859-gb62c5ab (webtiles) character file.

152 Misa the Covert (level 4, -2/31 HPs)
             Began as a Spriggan Enchanter on Aug 28, 2013.
             Slain by a brain worm (4 damage)
             ... in the Dungeon (Sprint II: "The Violet Keep of Menkaure").
             The game lasted 00:00:35 (21 turns).

Misa the Covert (Spriggan Enchanter)                  Turns: 21, Time: 00:00:35

HP  -2/31        AC  3     Str  9      XL: 4   Next: 92%
MP  11/11        EV 18     Int 13 (16) God:
Gold 20          SH  0     Dex 17      Spells:  1 memorised,  4 levels left

Res.Fire  : . . .   See Invis. : +   a - +1 dagger {=f}
Res.Cold  : . . .   Warding    : .   b - +1 robe
Life Prot.: . . .   Conserve   : .   (shield restricted)
Res.Poison: .       Res.Corr.  : .   (helmet restricted)
Res.Elec. : .       Clarity    : .   (no cloak)
Sust.Abil.: . .     Spirit.Shd : .   (gloves unavailable)
Res.Mut.  : .       Prev.Telep.: +   (boots unavailable)
Res.Rott. : .       Flight     : .   (no amulet)
Saprovore : . . .                    (no ring)
                                     (no ring)

@: berserking, very quick, slightly resistant to hostile enchantments, extremely
unstealthy
A: unfitting armour, see invisible, herbivore 3, speed 3, slow metabolism 2
a: no special abilities


You were in the Dungeon.
You were not hungry.

You visited 1 branch

Inventory:

Hand weapons
 a - a +1,+1 dagger (weapon) {=f}
Missiles
 d - 12 darts (quivered)
Armour
 b - a +1 robe (worn)
Scrolls
 k - a scroll of blinking
Potions
 e - a potion of porridge
 f - a potion of curing
 g - a potion of heal wounds
 h - a potion of speed
 i - 2 potions of magic
Books
 c - a book of Maledictions

   Spells                             Type                      Level
   *Corona                            Hexes                        1
   Sure Blade                         Hexes/Charms                 2
   Ensorcelled Hibernation            Hexes/Ice                    2
   Confuse                            Hexes                        3
   Enslavement                        Hexes                        4
   Invisibility                       Hexes                        6


   Skills:
 + Level 6.1 Short Blades
 - Level 1.1 Throwing
 - Level 3.0 Dodging
 * Level 12.4 Stealth
 - Level 1.3 Spellcasting
 - Level 3.6 Hexes


You had 4 spell levels left.
You knew the following spells:

 Your Spells              Type           Power        Failure   Level  Hunger
a - Corona                Hex            ##.....      10%         1    ##.....


Dungeon Overview and Level Annotations

Branches:
Dungeon (1/1)

Altars:


Innate Abilities, Weirdness & Mutations

You are tiny and cannot use many weapons and most armour.
You have supernaturally acute eyesight.
You are a herbivore.
You cover ground extremely quickly.
You need consume almost no food.


Message History

You hit the brain worm.
You kill the brain worm!
Your Short Blades skill gained 2 levels and is now at level 6!
Your Stealth skill gained 2 levels and is now at level 12!
The brain worm closely misses you. The brain worm bites you.
* * * LOW HITPOINT WARNING * * *
You hit the brain worm.
The brain worm is lightly wounded.
You hit the brain worm.
The brain worm is moderately wounded.
The brain worm's bulging head throbs.
Something tries to feed on your intellect!
The brain worm bites you.
* * * LOW HITPOINT WARNING * * *
You hit the brain worm but do no damage.
The brain worm is moderately wounded.
You slash the brain worm!
The brain worm is severely wounded.
The brain worm barely misses you. The brain worm bites you.
You die... ## ##. ## .j #. ## j#j

# #.###+#
.##
#.##.##.m.#
##$%<<<+$#
#w@##.##...#
#w###+# .##
## #


You could see 2 brain worms.

Vanquished Creatures
  2 brain worms (D)
2 creatures vanquished.

Notes
Turn   | Place    | Note
--------------------------------------------------------------
     0 | D        | Misa, the Spriggan Enchanter, began the quest for the Orb.
     0 | D        | Reached XP level 1. HP: 9/9 MP: 4/4
     0 | D        | Noticed a mermaid
     3 | D        | Noticed an agate snail
     3 | D        | Noticed an agate snail
     3 | D        | Noticed an agate snail
     6 | D        | Noticed a brain worm
     6 | D        | Noticed a brain worm
     6 | D        | Noticed a brain worm
     6 | D        | Noticed a brain worm
    13 | D        | Killed a brain worm
    13 | D        | Reached skill level 4 in Short Blades
    13 | D        | Reached skill level 10 in Stealth
    13 | D        | Reached XP level 2. HP: 4/13 MP: 6/6
    13 | D        | Reached XP level 3. HP: 5/16 MP: 9/9
    13 | D        | Reached XP level 4. HP: 6/21 MP: 11/11
    17 | D        | Killed a brain worm
    17 | D        | Reached skill level 12 in Stealth
    21 | D        | Slain by a brain worm

Action                   |  1- 3 |  4- 6 || total
-------------------------+-------+-------++-------
Melee: Dagger            |     4 |     8 ||    12
  Use: Potion            |     1 |       ||     1
 Stab: Sleeping          |     1 |       ||     1
